 Dungeon Crawl Stone Soup version 0.26-a0-188-ga22346179c (webtiles) character file.

Game seed: 7243256613955896313

9 Coward the Chiller (level 2, -2/20 HPs)
             Began as a Draconian Ice Elementalist on July 4, 2020.
             Hit by a goblin thrown by Robin (3 damage)
             ... on level 3 of the Dungeon.
             The game lasted 00:04:28 (710 turns).

Coward the Chiller (Draconian Ice Elementalist)      Turns: 710, Time: 00:04:28

Health: -2/20      AC:  4    Str: 10    XL:     2   Next: 3%
Magic:  0/5        EV: 12    Int: 15    God:
Gold:   13         SH:  0    Dex: 11    Spells: 4/5 levels left

rFire    . . .     SeeInvis .   (no weapon)
rCold    . . .     Faith    .   (no shield)
rNeg     . . .     Spirit   .   (armour unavailable)
rPois    .         Reflect  .   (helmet restricted)
rElec    .         Harm     .   (no cloak)
rCorr    .                      (no gloves)
MR       .....                  (no boots)
Stlth    ++........             (no amulet)
HPRegen  0.06/turn              (no ring)
MPRegen  0.09/turn              (no ring)

@: no status effects
A: unfitting armour, cold-blooded, AC +4
a: no special abilities


You were on level 3 of the Dungeon.
You were not hungry.

You visited 1 branch of the dungeon, and saw 3 of its levels.

You collected 13 gold pieces.

Inventory:

Scrolls
 a - a scroll of immolation {unknown}
 c - a scroll of identify {unknown}
 d - 2 scrolls of teleportation {unknown}
Potions
 e - a potion of curing {unknown}
 f - a potion of brilliance {unknown}
Comestibles
 b - a ration
 g - a chunk of flesh


   Skills:
 + Level 1.9 Dodging
 + Level 1.9 Stealth
 + Level 0.1 Unarmed Combat
 + Level 2.0 Spellcasting
 + Level 4.2 Ice Magic


You had 4 spell levels left.
You knew the following spells:

 Your Spells              Type           Power        Failure   Level  Hunger
a - Freeze                Ice            ##..         3%          1    #......

Your spell library contained the following spells:

 Spells                   Type           Power        Failure   Level  Hunger
 Frozen Ramparts          Ice            ##....       12%         3    ###....
 Ozocubu's Armour         Chrm/Ice       #.......     28%         3    ###....
 Hailstorm                Conj/Ice       #.......     67%         4    #####..
 Summon Ice Beast         Ice/Summ       #.......     67%         4    #####..


Dungeon Overview and Level Annotations

Branches:
Dungeon (3/15)

Altars:

Annotations:
D:3 Robin


Innate Abilities, Weirdness & Mutations

Your plain brown scales are hard. (AC +4)
You cannot fit into any form of body armour.
You are cold-blooded and may be slowed by cold attacks.


Message History

You freeze Robin!
Robin is severely wounded.
Robin hits you but does no damage.
Casting: Freeze (safe; 3% risk of failure)
Confirm with . or Enter, or press ? or * to list all spells.
Aiming: Freeze (safe; 3% risk of failure)
Press: ? - help, Shift-Dir - straight line, f/p - Robin
Aim: Robin, wielding a +0 falchion, wearing a +0 animal skin and wearing a +0 helmet (severely wounded)
You freeze Robin.
Robin is almost dead.
Robin closely misses you.
You open the door. Robin misses you.
Found 23 stones and 12 gold pieces.
There is an open door here.
Robin throws the goblin at you!
* * * LOW HITPOINT WARNING * * *
The goblin hits you but does no damage. The goblin closely misses you.
Robin throws the goblin at you!
You die...

..# ..# ##+# #.#
##...# #.#
##.....## ###.#
#.......## ##.#.#
.........####....#
.......g.g.gg....#
......g@.####g...#
#.....(.## ##.#)#
##.$...## #####รท##
##...# #......###
##+# #........# #
#..##..#.# #.
#..##..#.# ###.#
#.g##..# #
.....######..##..#.


You could see Robin, a hobgoblin (strong) and 3 goblins.

Vanquished Creatures
  A dart slug (D:1)
  A goblin (D:3)
  A hobgoblin (D:3)
  2 bats (D:1)
  A kobold (D:3)
  2 rats
8 creatures vanquished.

Notes
Turn   | Place    | Note
-------+----------+-------------------------------------------
     0 | D:1      | Coward the Draconian Ice Elementalist began the quest for
                  | the Orb.
     0 | D:1      | Reached XP level 1. HP: 14/14 MP: 3/3
   591 | D:3      | Reached XP level 2. HP: 12/20 MP: 0/5
   680 | D:3      | Noticed Robin
   700 | D:3      | HP: 1/20 [Robin/+0 falchion (4)]
   708 | D:3      | HP: 1/20 [Robin/goblin (1)]
   710 | D:3      | Hit by a goblin thrown by Robin

Illustrated notes

Levels and vault maps discovered:
D:1:      evilmike_arrival_plus, layout_basic
D:2:      layout_loops_cross, vehumet_crystals, kennysheep_slug_shrine,
          first_ration
D:3:      layout_loops_corners, uniq_grinder, uniq_robin

Action                   || total
-------------------------++-------
Melee: Unarmed           ||    44
       Tailslap          ||     4
 Cast: Freeze            ||     8
Armor: Skin              ||    26
Dodge: Dodged            ||    66

Table legend:
 A = Non-vault XP
 B = Vault XP
 C = Vault XP percentage of total XP
 D = Non-vault monster count
 E = Vault monster count
 F = Vault count percentage of total count
                 A         B        C        D         E       F
            +---------+---------+-------+---------+---------+-------
      Total |       9 |       4 |  30.8 |       6 |       2 |  25.0
            +---------+---------+-------+---------+---------+-------
        D:1 |       7 |       0 |   0.0 |       4 |       0 |   0.0
        D:3 |       2 |       4 |  66.7 |       2 |       2 |  50.0
            +---------+---------+-------+---------+---------+-------
